 Dungeon Crawl Stone Soup version 0.20.1-1-g8b1a95d (webtiles) character file.

9045 Fisto the Spear-Bearer (level 11, -11/129 HPs)
             Began as a Human Fighter on Nov 14, 2017.
             Was a High Priest of Okawaru.
             Mangled by an orc warlord
             ... wielding a +2 great mace of protection
              (28 damage)
             ... on level 11 of the Dungeon on Nov 15, 2017.
             The game lasted 01:40:47 (15265 turns).

Fisto the Spear-Bearer (Human Fighter)             Turns: 15265, Time: 01:40:48

Health: -11/129    AC: 32    Str: 19    XL:     11   Next: 67%
Magic:  11/11      EV:  2    Int:  4    God:    Okawaru [*****.]
Gold:   816        SH: 16    Dex: 17    Spells: 10/10 levels left

rFire    + . .     SeeInvis +   d - +5 trident of Context {protect, MR+ Int-5 Dex+4 SInv}
rCold    . . .     Gourm    .   y - +0 large shield
rNeg     + + +     Faith    .   (armour currently unavailable)
rPois    +         Spirit   .   (helmet currently unavailable)
rElec    .         Reflect  .   (cloak currently unavailable)
rCorr    .         Harm     .   (gloves currently unavailable)
MR       +....     NoTele   +   (boots currently unavailable)
Stlth    ++........             (no amulet)
Regen    0.4/turn               F - ring of protection from fire
MPRegen  0.2/turn               (no ring)

@: tree-form, protection aura
A: wild magic 1
a: Heroism, Finesse, Renounce Religion


You were on level 11 of the Dungeon.
You worshipped Okawaru.
Okawaru was extremely pleased with you.
You were not hungry.
You were a tree.
You visited 3 branches of the dungeon, and saw 13 of its levels.
You also visited: Sewer and Ossuary.

You collected 1358 gold pieces.
You spent 542 gold pieces at shops.

Inventory:

Hand Weapons
 d - the +5 trident of Context (weapon) {protect, MR+ Int-5 Dex+4 SInv}
   (You took it off an orc priest on level 6 of the Dungeon)

   It protects the one who uses it against injury (+AC on strike).
   It affects your intelligence (-5).
   It affects your dexterity (+4).
   It affects your resistance to hostile enchantments.
   It lets you see invisible.
 g - a +0 dagger of venom
 C - a +1 hunting sling
 R - a +0 blowgun
 W - a +2 falchion
Missiles
 p - 20 poisoned needles
 T - 24 sling bullets
Armour
 c - a +0 shield
 i - a +0 helmet (melded)
 l - a +1 pair of gloves (melded)
 o - a +0 plate armour (melded)
 r - a +0 pair of boots (melded)
 t - the +1 scale mail of the Black Moon {rC- MR+ Regen+}
   (You found it on level 11 of the Dungeon)

   It makes you vulnerable to cold.
   It affects your resistance to hostile enchantments.
   It increases your rate of regeneration.
 y - a +0 large shield (worn)
Jewellery
 F - a ring of protection from fire (left branch)
Wands
 m - a wand of scattershot (1/9)
 v - a wand of random effects (37/48)
 z - a wand of digging (8/24)
 M - a wand of lightning (6/15)
 N - a wand of flame (30/48)
 Q - a wand of iceblast (5/15)
 Y - a wand of lightning (9/15)
Scrolls
 b - a scroll of teleportation
 j - 2 scrolls of remove curse
 w - a scroll of immolation
 D - a scroll of blinking
 O - a scroll of magic mapping
 X - 2 scrolls of identify
Potions
 e - a potion of cancellation
 h - 2 potions of curing
 k - a potion of magic
 n - 2 potions of invisibility
 s - 4 potions of mutation
 u - a potion of brilliance
 H - 4 potions of flight
 J - 3 potions of haste
 K - 2 potions of resistance
 L - a potion of lignification
Comestibles
 a - 4 meat rations
 f - 7 bread rations
 A - 3 royal jellies
 U - a fruit


   Skills:
 + Level 7.8 Fighting
 + Level 6.8 Long Blades
 + Level 9.0 Polearms
 + Level 3.6 Slings
 + Level 7.1 Armour
 + Level 4.0 Dodging
 + Level 8.0 Shields
 + Level 1.3 Evocations


You had 10 spell levels left.
You didn't know any spells.

Dungeon Overview and Level Annotations

Branches:
Dungeon (11/15)            Temple (1/1) D:6            Lair (0/6) D:10
    Orc (1/2) D:11

Altars:
Ashenzari
Cheibriados
Dithmenos
Elyvilon
Fedhas
Gozag
Hepliaklqana
Kikubaaqudgha
Makhleb
Nemelex Xobeh
Okawaru
Qazlal
Ru
Sif Muna
Trog
Uskayaw
Vehumet
Xom
Yredelemnul
Zin
The Shining One

Shops:
D:8 *(:   D:9 [   D:11 *


Innate Abilities, Weirdness & Mutations

((You have sharp toenails.))
Your spells are a little harder to cast, but a little more powerful.


Message History

The orc warlord is heavily wounded.
The orc warlord hits you with a great mace of protection!
* * * LOW HITPOINT WARNING * * *
You puncture the orc warlord!
The orc warlord is severely wounded.
The orc warlord hits you but does no damage.
You puncture the orc warlord!
The orc warlord is severely wounded.
The orc warlord hits you with a great mace of protection.
* * * LOW HITPOINT WARNING * * *
You hit the orc warlord but do no damage.
The orc warlord is severely wounded.
You puncture the orc warlord!
The orc warlord is almost dead.
The orc warlord roars a battlecry!
The orc wizard goes into a battle-frenzy!
You hit the orc warlord but do no damage.
The orc warlord is almost dead.
The orc warlord hits you with a great mace of protection!!
You die...

###'## #........# #......
.....######........# #......
.....+....#........########......
.....####.'........'..<...#......
.....# ###........######........
.....# #........# ###......
.....# ######'### ####### ######
#o# ##... # #♣# #..## # #.#
##'### # #####'#### #..... #
##[.......# #..... ###
#>).......########..... ..#
#[[...o...#............ #.#
##........'.#.∩.#...... #.##
#........##.....#..... #..#
#........#####..'.....


You could see an orc warlord and an orc wizard.

Vanquished Creatures
  A two-headed ogre (D:9)
  An ugly thing (D:11)
  The ghost of solaricas the Slasher, an amateur HOFi of Okawaru (D:3)
  5 trolls
  A hippogriff (D:8)
  A wyvern (D:9)
  A wraith (D:9)
  2 hungry ghosts
  3 water moccasins (D:9)
  6 orc warriors
  Purgy (Sewer)
  2 sky beasts (D:10)
  An ice beast (D:7)
  2 necrophages
  A black bear (D:9)
  6 ogres
  4 centaurs
  2 big kobolds (D:11)
  6 bullfrogs
  A scorpion (D:7)
  2 killer bees (D:7)
  A howler monkey (D:5)
  15 wights
  A bullfrog zombie (D:11)
  A crimson imp (D:11)
  4 jellies
  9 hounds
  7 centaur skeletons
  5 orc priests
  2 bullfrog skeletons
  Ijyb (D:3)
  Terence (D:3)
  Natasha (thrice) (D:3)
  An iguana (D:7)
  15 orc wizards
  11 worker ants
  2 hound skeletons
  8 mummies (Ossuary)
  A worker ant zombie (D:7)
  A howler monkey skeleton (D:8)
  13 adders
  2 shadow imps
  2 adder skeletons
  A worm (D:3)
  2 dart slugs
  7 leopard geckos
  36 orcs
  9 giant cockroaches
  A gnoll zombie (Ossuary)
  5 goblins
  9 hobgoblins
  8 jackals
  15 kobolds
  9 quokkas
  2 ball pythons
  12 bats
  5 frilled lizards
  2 hobgoblin zombies (Ossuary)
  3 kobold zombies (Ossuary)
  A leopard gecko zombie (D:6)
  2 orc zombies (Ossuary)
  A quokka skeleton (D:5)
  10 rats
296 creatures vanquished.

Notes
Turn   | Place    | Note
-------+----------+-------------------------------------------
     0 | D:1      | Fisto the Human Fighter began the quest for the Orb.
     0 | D:1      | Reached XP level 1. HP: 18/18 MP: 1/1
   281 | D:1      | Reached XP level 2. HP: 24/24 MP: 2/2
   733 | D:1      | Reached XP level 3. HP: 24/29 MP: 3/3
  1378 | D:2      | Reached XP level 4. HP: 23/35 MP: 4/4
  2593 | D:3      | Found a stormy altar of Qazlal.
  2630 | D:3      | Noticed solaricas's ghost (amateur HOFi)
  2839 | D:3      | Reached XP level 5. HP: 17/41 MP: 5/5
  2846 | D:3      | Reached skill level 1 in Dodging
  3096 | D:3      | Noticed Ijyb
  3110 | D:3      | Killed Ijyb
  3351 | D:3      | Noticed Natasha
  3368 | D:3      | Killed Natasha
  3571 | D:3      | Noticed Terence
  3582 | D:3      | Killed Terence
  3582 | D:3      | Reached XP level 6. HP: 46/47 MP: 6/6
  3637 | D:3      | Killed solaricas's ghost
  3637 | D:3      | Reached XP level 7. HP: 26/53 MP: 7/7
  4054 | D:3      | Noticed Natasha
  4085 | D:3      | Killed Natasha
  4933 | D:4      | Reached skill level 5 in Shields
  5537 | D:3      | Noticed Natasha
  5564 | D:3      | Killed Natasha
  5646 | D:5      | Entered Level 5 of the Dungeon
  5710 | D:5      | Found a glowing drain.
  5743 | Sewer    | Entered a sewer
  5747 | Sewer    | Gained mutation: You have sharp toenails. [potion of mutation]
  5747 | Sewer    | Gained mutation: Your spells are a little harder to cast, but a little more powerful. [potion of mutation]
  5793 | Sewer    | Noticed Purgy
  5813 | Sewer    | Killed Purgy
  5813 | Sewer    | Reached skill level 5 in Long Blades
  5813 | Sewer    | Reached XP level 8. HP: 37/60 MP: 8/8
  5979 | Sewer    | Reached skill level 5 in Armour
  6106 | D:5      | Found a burning altar of Makhleb.
  6158 | D:5      | Found a bloodstained altar of Trog.
  6271 | D:5      | Found an ancient bone altar of Kikubaaqudgha.
  6615 | D:5      | Reached skill level 1 in Slings
  7860 | D:6      | Found a staircase to the Ecumenical Temple.
  7869 | Temple   | Entered the Ecumenical Temple
  7979 | Temple   | Became a worshipper of Warmaster Okawaru
  8059 | D:6      | Found a sacrificial altar of Ru.
  8060 | D:6      | Found a snail-covered altar of Cheibriados.
  8320 | D:7      | Found a shadowy altar of Dithmenos.
  8757 | D:7      | Reached XP level 9. HP: 53/67 MP: 9/9
  8785 | D:7      | Reached skill level 5 in Fighting
  9185 | D:6      | Reached * piety under Okawaru
  9187 | D:6      | Got a bloodstained trident {protect}
  9373 | D:6      | Identified the +5 trident of Context {protect, MR+ Int-5 Dex+4 SInv} (You took it off an orc priest on level 6 of the Dungeon)
  9620 | D:7      | Reached skill level 1 in Polearms
  9711 | D:7      | Reached skill level 2 in Polearms
  9975 | D:7      | Reached ** piety under Okawaru
  9975 | D:7      | Reached skill level 3 in Polearms
 10124 | D:7      | Reached skill level 4 in Polearms
 10295 | D:8      | Reached XP level 10. HP: 71/75 MP: 10/10
 10356 | D:8      | Reached skill level 5 in Polearms
 10479 | D:8      | Found Ferisol's General Store.
 10658 | D:8      | Found a sand-covered staircase.
 10668 | Ossuary  | Entered an ossuary
 11303 | D:8      | Bought a wand of flame (32/48) for 255 gold pieces
 11303 | D:8      | Bought a scroll of magic mapping for 52 gold pieces
 11303 | D:8      | Bought a scroll of fear for 52 gold pieces
 11407 | D:8      | Found Niock's Antique Weapon Shop.
 11416 | D:8      | Bought a blowgun for 75 gold pieces
 11533 | D:8      | Found Zoism's Book Shoppe.
 11799 | D:9      | Found Wuoxzidgh's Antique Armour Boutique.
 11817 | D:9      | Identified a scroll of acquirement
 12076 | D:9      | Reached *** piety under Okawaru
 12125 | D:9      | Noticed a two-headed ogre
 12164 | D:9      | Killed a two-headed ogre
 12164 | D:9      | Reached skill level 6 in Polearms
 12164 | D:9      | Reached skill level 1 in Evocations
 12496 | D:9      | Reached **** piety under Okawaru
 12846 | D:9      | Reached skill level 7 in Polearms
 13315 | D:10     | Entered Level 10 of the Dungeon
 13453 | D:10     | Found a staircase to the Lair.
 13464 | D:10     | Reached XP level 11. HP: 82/82 MP: 11/11
 13646 | D:10     | Reached ***** piety under Okawaru
 13801 | D:11     | Found a staircase to the Orcish Mines.
 13810 | D:11     | Found Highoymp's Assorted Antiques.
 13814 | D:11     | Bought a potion of might for 108 gold pieces
 13819 | D:11     | Noticed a brown ugly thing
 13840 | D:11     | Killed a brown ugly thing
 13840 | D:11     | Reached skill level 8 in Polearms
 14152 | D:11     | Got an encrusted scale mail
 14158 | D:11     | Identified the cursed +1 scale mail of the Black Moon {rC- MR+ Regen+} (You found it on level 11 of the Dungeon)
 14607 | D:11     | Received a gift from Okawaru
 14806 | D:11     | Reached skill level 9 in Polearms
 14823 | Orc:1    | Entered Level 1 of the Orcish Mines
 14825 | Orc:1    | Noticed an orc warlord
 15265 | D:11     | Mangled by an orc warlord

Skill      XL: |  1  2  3  4  5  6  7  8  9 10 11 |
---------------+----------------------------------+-----
Long Blades    | 3 4 5 6 |  6.8
Dodging        | 1 2 3 4 |  4.0
Shields        | 4 5 6 7 8 |  8.0
Armour         | 4 5 6 7 |  7.1
Fighting       | 4 6 7 |  7.8
Slings         | 1 2 3 |  3.6
Polearms       | 4 7 9 |  9.0
Evocations     | 1 |  1.3

Action                   |  1- 3 |  4- 6 |  7- 9 | 10-12 || total
-------------------------+-------+-------+-------+-------++-------
Melee: Long sword        |    99 |   201 |   489 |       ||   789
       Trident           |       |       |   137 |   535 ||   672
       Dagger            |       |       |       |     2 ||     2
 Fire: Hunting sling     |       |       |    26 |    45 ||    71
Throw: Stone             |       |       |       |     1 ||     1
Evoke: Wand              |       |       |       |    12 ||    12
  Use: Potion            |       |     7 |     6 |     6 ||    19
       Scroll            |       |     5 |    15 |    17 ||    37
  Eat: Chunk             |       |     6 |    15 |    14 ||    35
       Fruit             |       |     3 |     6 |     3 ||    12
       Royal jelly       |       |       |     1 |       ||     1
       Bread ration      |       |       |     1 |       ||     1
Armor: Scale mail        |    49 |    34 |       |    65 ||   148
       Chain mail        |       |    75 |    95 |       ||   170
       Plate armour      |       |       |   334 |    71 ||   405
       Troll leather arm |       |       |       |    54 ||    54
       Skin              |       |       |       |     1 ||     1
Dodge: Dodged            |    40 |    59 |   124 |   171 ||   394
Block: Shield            |    57 |   121 |   365 |   275 ||   818
       Large shield      |       |       |       |    13 ||    13
       Rpst.: Long sword |    12 |    13 |    23 |       ||    48
